 Dungeon Crawl Stone Soup version 0.31-a0-112-gdf0485fa37 (webtiles) character file.

Game seed: 17780449922594423834

335215 browni3141 the Spry (level 21, -4/166 HPs)
             Began as a Barachi Hunter on May 29, 2023.
             Was the Champion of Dithmenos.
             Slain by a vampire knight
             ... wielding a +3 battleaxe
              (10 damage)
             ... on level 3 of the Depths.
             The game lasted 01:51:07 (43750 turns).

browni3141 the Spry (Barachi Hunter)               Turns: 43750, Time: 01:51:07

Health: -4/166     AC: 23    Str: 10 (11) XL:     21   Next: 44%
Magic:  30/30      EV: 34    Int:  9 (10) God:    Dithmenos [******]
Gold:   1871       SH:  0    Dex: 30      Spells: 14/32 levels left

rFire   + + .        a - +9 longbow (drain)
rCold   + . .        (shield currently unavailable)
rNeg    . . .        R - +4 troll leather armour
rPois   +            A - +2 helmet
rElec   .            F - +2 cloak {rPois}
rCorr   .            P - +2 pair of gloves
SInv    .            T - +2 pair of boots
Will    +++..        S - amulet "Pomotsad" {Faith rF++} Stlth *+++++++++
                     Y - ring of willpower
HPRegen 1.27/turn    w - ring of protection from cold
MPRegen 0.22/turn

%: faith
@: wreathed by umbra, unable to read, slow
A: amphibious, slowness 1, strong legs 2, +LOS, agile 1, deterioration 1,
strong-willed 1, inability to read after injury 1
}: 3/15 runes: decaying, serpentine, slimy
a: Hop, Renounce Religion, Shadow Step, Shadow Form


You were on level 3 of the Depths.
You worshipped Dithmenos.
Dithmenos was exalted by your worship.
You visited 9 branches of the dungeon, and saw 40 of its levels.
You also visited: Sewer, Bailey and Volcano.

You collected 5541 gold pieces.
You spent 3670 gold pieces at shops.

Inventory:

Hand Weapons
 a - a +9 longbow of draining (weapon)
 l - the +4 dagger of the Sky {vamp, rElec Dex+7}
   (You found it on level 15 of the Dungeon)

   Dex:       It affects your dexterity (+7).
   rElec:     It insulates you from electricity.
Missiles
 H - 8 curare-tipped darts
 K - 4 throwing nets
Armour
 A - a +2 helmet (worn)
 F - a +2 cloak of poison resistance (worn)
 P - a +2 pair of gloves (worn)
 R - a +4 troll leather armour (worn)
 T - a +2 pair of boots (worn)
Jewellery
 c - a ring of positive energy
 o - a ring of wizardry
 w - a ring of protection from cold (right hand)
 x - an amulet of regeneration
 S - the amulet "Pomotsad" (around neck) {Faith rF++}
   (You found it on level 3 of the Lair of Beasts)

   [amulet of faith]

   It allows you to gain divine favour quickly.
   rF:        It greatly protects you from fire.
 V - a ring of see invisible
 Y - a ring of willpower (left hand)
Wands
 r - a wand of acid (9)
 y - a wand of polymorph (12)
 D - a wand of roots (19)
 G - a wand of digging (11)
 L - a wand of charming (9)
 M - a wand of mindburst (4)
Scrolls
 d - 3 scrolls of magic mapping
 h - 9 scrolls of teleportation
 j - 5 scrolls of vulnerability
 n - 4 scrolls of amnesia
 p - 4 scrolls of fog
 t - 2 scrolls of immolation
 v - 6 scrolls of fear
 z - 3 scrolls of poison
 B - 2 scrolls of silence
 E - 2 scrolls of noise
 Q - 2 scrolls of identify
 U - 2 scrolls of butterflies
 X - 3 scrolls of blinking
Potions
 e - 6 potions of invisibility
 f - a potion of berserk rage {unknown}
 g - 2 potions of resistance
 i - 6 potions of might
 k - 5 potions of lignification
 m - 10 potions of attraction
 q - 11 potions of curing
 s - 5 potions of haste
 u - 7 potions of heal wounds
 C - 5 potions of brilliance
 J - 2 potions of ambrosia
 O - a potion of cancellation
Miscellaneous
 b - a box of beasts
 I - a phantom mirror
 N - a lightning rod (4/4)
 W - a phial of floods
 Z - a tin of tremorstones (1/2)


   Skills:
 - Level 14.3 Fighting
 - Level 8.0 Short Blades
 * Level 19.3 Ranged Weapons
 + Level 10.9 Armour
 * Level 20.6 Dodging
 + Level 12.0 Stealth
 - Level 6.0 Spellcasting
 * Level 1.2 Hexes
 * Level 13.3 Translocations
 + Level 10.5 Invocations
 * Level 10.0 Evocations


You had 14 spell levels left.
You knew the following spells:

 Your Spells              Type           Power      Damage    Failure   Level
a - Blink                 Tloc           52%        N/A       1%          2
b - Portal Projectile     Hex/Tloc       30%        N/A       4%          3
c - Dispersal             Tloc           13%        N/A       19%         6
d - Passage of Golubria   Tloc           26%        N/A       1%          4
e - Inner Flame           Hex/Fire       3%         N/A       54%         3

Your spell library contained the following spells:

 Spells                   Type           Power      Damage    Failure   Level
 Apportation              Tloc           52%        N/A       1%          1
 Lesser Beckoning         Tloc           52%        N/A       1%          2
 Gell's Gravitas          Tloc           26%        N/A       1%          3
 Teleport Other           Tloc           26%        N/A       1%          3
 Manifold Assault         Tloc           26%        N/A       1%          4
 Momentum Strike          Conj/Tloc      28%        3d8       2%          2
 Vhi's Electric Charge    Tloc/Air       28%        N/A       5%          3
 Magic Dart               Conj           8%         1d3       28%         1
 Necrotise                Necr           8%         1d4       28%         1
 Call Imp                 Summ           4%         N/A       38%         2
 Cigotuvi's Dreadful Rot  Necr/Pois/Air  4%         N/A       38%         2
 Passwall                 Tmut/Erth      1%         N/A       38%         2
 Poisonous Vapours        Pois/Air       4%         N/A       38%         2
 Scorch                   Fire           4%         2d5       38%         2
 Searing Ray              Conj           4%         2d4       38%         2
 Static Discharge         Conj/Air       4%         2-3/arc   38%         2
 Tukima's Dance           Hex            4%         N/A       45%         3
 Summon Forest            Summ/Tloc      7%         N/A       45%         5
 Hailstorm                Conj/Ice       2%         3d3       63%         3
 Ignite Poison            Fire/Tmut/Pois 2%         N/A       63%         3
 Mephitic Cloud           Conj/Pois/Air  2%         N/A       63%         3
 Ozocubu's Armour         Ice            2%         N/A       63%         3
 Vampiric Draining        Necr           2%         2d6       63%         3
 Leda's Liquefaction      Hex/Erth       1%         N/A       91%         4
 Airstrike                Air            1%         2d(1-17)  95%         4
 Animate Armour           Summ/Erth      4%         N/A       95%         4
 Animate Dead             Necr           2%         N/A       95%         4
 Ice Form                 Ice/Tmut       2%         N/A       95%         4
 Summon Lightning Spire   Summ/Air       2%         N/A       95%         4
 Metabolic Englaciation   Hex/Ice        1%         N/A       99%         5
 Silence                  Hex/Air        1%         N/A       99%         5
 Yara's Violent Unravell  Hex/Tmut       1%         3d3       99%         5
 Agony                    Necr           2%         N/A       100%        5
 Alistair's Intoxication  Tmut/Pois      1%         N/A       100%        5
 Arcjolt                  Conj/Air       1%         1d11      100%        5
 Blade Hands              Tmut           1%         N/A       100%        5
 Borgnjor's Vile Clutch   Necr/Erth      1%         N/A       100%        5
 Fireball                 Conj/Fire      1%         3d3       100%        5
 Freezing Cloud           Conj/Ice/Air   1%         6-21      100%        5
 Irradiate                Conj/Tmut      1%         3d12      100%        5
 Lee's Rapid Deconstruct  Erth           1%         3d4*      100%        5
 Death Channel            Necr           1%         N/A       100%        6
 Eringya's Noxious Bog    Tmut/Pois      1%         N/A       100%        6
 Leda's Unmaking          Conj/Erth      1%         9d1       100%        6
 Plasma Beam              Fire/Air       1%         2x1d12    100%        6
 Simulacrum               Ice/Necr       1%         N/A       100%        6
 Statue Form              Tmut/Erth      1%         N/A       100%        6
 Enfeeble                 Hex            2%         N/A       100%        7
 Storm Form               Tmut/Air       1%         N/A       100%        7
 Summon Hydra             Summ           1%         N/A       100%        7
 Lehudib's Crystal Spear  Conj/Erth      1%         10d2      100%        8
 Maxwell's Capacitive Co  Air            1%         ∞         100%        8


Dungeon Overview and Level Annotations

Branches:
Dungeon (15/15)            Temple (1/1) D:6            Lair (5/5) D:11
  Swamp (4/4) Lair:2        Snake (4/4) Lair:2        Slime (5/5) Lair:4
    Orc (2/2) D:10            Elf (1/3) Orc:2        Vaults (0/5) D:14
 Depths (3/4) D:15          Sewer (visited)          Bailey (visited)
Volcano (visited)

Altars:
Ashenzari
Cheibriados
Dithmenos
Elyvilon
Fedhas
Gozag
Hepliaklqana
Kikubaaqudgha
Makhleb
Nemelex Xobeh
Okawaru
Qazlal
Ru
Sif Muna
Trog
Uskayaw
Vehumet
Wu Jian
Xom
Yredelemnul
Zin
The Shining One
Jiyva

Shops:
D:3 !   D:6 :   D:14 :   Orc:1 [   Orc:2 =*[!

Portals:
Hell: Lair:5 Depths:2
Pandemonium: Orc:2 Depths:2


Innate Abilities, Weirdness & Mutations

You are amphibious.
You cover ground slowly.
You can hop long distances.
You have an extended range of vision and can be seen from far away.
You are agile. (Dex +4, Str/Int -1)
Your body sometimes deteriorates upon taking damage.
You are strong-willed. (Will+)
You occasionally lose the ability to read scrolls when taking damage.


Message History

The spriggan air mage waves its arms in wide circles.
The air twists around and strikes you!! Something barely misses you.
Something bites you but does no damage.
You are too injured to fight recklessly!
You are too injured to fight recklessly!
Unknown command.
Something misses you. Something bites you but does no damage.
The tentacled monstrosity tentacle-slaps you but does no damage.
The tentacled monstrosity completely misses you.
The tentacled monstrosity misses you. The tentacled monstrosity grabs you.
You stop ascending the stairs.
The tentacled monstrosity constricts you.
Unknown command.
Unknown command.
You shoot an arrow.
The arrow hits the tentacled monstrosity.
The tentacled monstrosity is almost dead.
Something hits you! Something bites you.
Something draws strength from your injuries!
The spriggan air mage waves its arms in wide circles.
The air twists around and strikes you!
The tentacled monstrosity misses you. x3
The tentacled monstrosity constricts you.
You shoot an arrow.
The arrow hits the tentacled monstrosity!!
You kill the tentacled monstrosity!
Dithmenos accepts your kill.
Your shadow shoots an arrow.
Something barely misses you. Something bites you but does no damage.
You feel your dexterity returning.
Your Evocations skill increases to level 10!
Something draws life force from you!!
You feel threatened and lose the ability to read scrolls!
* * * LOW HITPOINT WARNING * * *
The spriggan air mage waves its arms in wide circles.
The air twists around and strikes you!
* * * LOW HITPOINT WARNING * * *
Something hits you!!
* * * LOW HITPOINT WARNING * * *
You emit a cloud of dark smoke.
Something bites you!
You die...

.....# ##.~~..
....V# #!......
...(..
###.......#
.#....
#######........##
.............i..#
................#
.......^.........
........§(.......
.......{@(.......
.......§)§.......
...............#.
...............#
...............#
..##...........#
# ............#
.#.[..........#
#....[......##.#


You could see a spriggan air mage (repels missiles).

Vanquished Creatures
  the Royal Jelly (Slime:5)
  Vashnia (Snake:3)
  Mlioglotl (Swamp:2)
  3 tentacled monstrosities
  Asterion (Snake:3)
  A walking frostbound tome (Depths:2)
  20 acid blobs
  A tentacled starspawn (Lair:1)
  A thorn hunter (Swamp:4)
  A shadow dragon (Depths:2)
  9 azure jellies
  Agnes (D:14)
  4 fire giants
  4 nagarajas
  2 deep elf sorcerers (Elf:1)
  11 rockslimes
  2 frost giants (Depths:2)
  An iron dragon (Depths:2)
  Louise (Swamp:2)
  Aizul (Snake:1)
  18 quicksilver oozes
  A spriggan defender (Depths:2)
  A very ugly thing (Depths:2)
  8 stone giants
  5 formless jellyfish
  5 eleionomae
  12 bunyips
  The ghost of Icosk the Cleaver, a journeyman MeRe of Okawaru (Lair:4)
  2 ettins (Depths:2)
  Josephine (Lair:5)
  4 fire dragons
  An entropy weaver (shapeshifter) (D:14)
  4 great orbs of eyes
  Erolcha (Orc:1)
  2 rakshasas
  3 demonspawn (Orc:2)
  4 salamander tyrants (Snake:4)
  22 hydras
  11 anacondas
  An ice dragon (Depths:2)
  7 centaur warriors
  A ghost crab (Swamp:3)
  2 spriggan air magi
  4 boulder beetles
  2 dancing weapons (Elf:1)
  A death knight (D:15)
  3 two-headed ogres
  12 alligators
  7 orc high priests
  17 naga warriors
  5 death yaks
  14 naga sharpshooters
  3 tengu warriors
  A deep troll earth mage (Depths:2)
  8 shock serpents
  Sonja (Lair:3)
  2 deep elf knights (Elf:1)
  3 sun demons
  A sixfirhy (D:10)
  4 salamander mystics
  8 skeletal warriors
  2 skysharks
  A sea snake (Snake:3)
  6 goliath frogs
  A goliath frog (shapeshifter) (Depths:2)
  8 naga ritualists
  Lodul (D:10)
  3 spriggan druids
  A glowing orange brain (Slime:3)
  4 deep trolls (Depths:2)
  5 lindwurms
  12 swamp dragons
  A flayed ghost (Depths:2)
  A wizard (Lair:5)
  Pikel (D:7)
  6 deep elf archers (Elf:1)
  An orange crystal statue (Depths:2)
  12 bog bodies
  A necromancer (D:15)
  A wolf spider zombie (D:15)
  6 orc knights
  8 orc sorcerers
  17 deep elf zephyrmancers (Elf:1)
  5 shining eyes
  2 oklob plants (Lair:4)
  17 deep elf pyromancers
  24 mana vipers
  13 ugly things
  16 salamanders
  4 manticores
  The ghost of HilariousDeathArtist the Fighter, a novice KoTm (D:6)
  7 elephants
  7 cyclopes
  3 will-o-the-wisps
  8 guardian serpents
  A rust devil (D:9)
  22 naga magi
  47 black mambas
  Joseph (D:10)
  2 eyes of devastation
  3 gargoyles (Volcano)
  5 rime drakes
  A komodo dragon (shapeshifter) (D:13)
  12 cane toads
  8 komodo dragons
  2 centaur skeletons (D:15)
  2 kobold demonologists
  An unseen horror (D:11)
  A tengu conjurer (D:15)
  7 ice devils
  An efreet (D:14)
  7 trolls
  5 red devils
  A bloated husk (Swamp:4)
  A meliai (D:11)
  4 hellwings
  A polar bear (Lair:2)
  A harpy skeleton (Volcano)
  10 hornets
  10 tyrant leeches
  5 dream sheep
  6 blink frogs
  A meliai zombie (D:15)
  8 spriggans
  93 slime creatures
  3 flying skulls (Volcano)
  A ynoxinul (Orc:2)
  9 wyverns
  3 shadows
  An air elemental (Elf:1)
  A water elemental (Elf:1)
  An alligator skeleton (Volcano)
  4 wraiths (Lair:5)
  6 basilisks
  17 humans
  17 golden eyes
  42 yaks
  2 fire elementals (Elf:1)
  8 vampire mosquitoes
  2 wargs (Orc:1)
  14 swamp worms
  59 nagas
  4 acid dragons
  5 hell hounds (Lair:5)
  Duvessa (D:5)
  23 water moccasins
  8 swamp drakes (Swamp:4)
  2 ice beasts
  34 orc warriors
  4 black bears
  10 ogres
  11 wolves
  2 centaurs (D:7)
  3 phantoms (D:5)
  5 kobold brigands
  13 bullfrogs
  6 scorpions
  A water moccasin zombie (D:5)
  An earth elemental (Elf:1)
  9 wights
  Dowan (D:5)
  3 killer bees (D:8)
  A troll skeleton (Volcano)
  2 spriggan skeletons (Volcano)
  5 electric eels
  2 howler monkeys
  A bullfrog zombie (D:5)
  4 centaur zombies
  2 quasits
  2 gnoll boudas
  30 orc priests
  2 hounds
  3 jellies
  2 bullfrog skeletons (D:5)
  2 sleepcaps
  3 iguanas
  Crazy Yiuf (D:7)
  8 hell rats
  15 orc wizards
  2 scorpion zombies (D:5)
  17 gnolls
  11 adders
  15 river rats
  2 shadow imps (D:6)
  3 white imps
  An ufetubus (D:7)
  A worm (D:5)
  A dart slug (D:4)
  79 orcs
  5 endoplasms
  5 giant cockroaches
  17 goblins
  13 hobgoblins
  14 jackals
  3 quokkas
  5 ball pythons
  9 bats
  3 frilled lizards
  29 kobolds
  12 rats
  2 starspawn tentacles (Lair:1)
1425 creatures vanquished.

Vanquished Creatures (collateral kills)
  An eleionoma (Swamp:2)
  A deep troll (Depths:2)
  A slime creature (Slime:4)
3 creatures vanquished.

Vanquished Creatures (others)
  An anaconda (Snake:2)
  A shock serpent (Snake:4)
  A spriggan druid (Swamp:3)
  2 black mambas
  A naga (Snake:3)
  4 foxfires (Swamp:1)
  2 starspawn tentacles (Lair:1)
12 creatures vanquished.

Grand Total: 1440 creatures vanquished

Notes
Turn   | Place    | Note
-------+----------+-------------------------------------------
     0 | D:1      | browni3141 the Barachi Hunter began the quest for the Orb.
     0 | D:1      | Reached XP level 1. HP: 17/17 MP: 1/1
    46 | D:1      | Reached skill level 1 in Stealth
    81 | D:1      | Reached XP level 2. HP: 20/23 MP: 2/2
   311 | D:1      | Reached XP level 3. HP: 18/28 MP: 3/3
  1111 | D:2      | Reached skill level 3 in Dodging
  1214 | D:2      | Reached XP level 4. HP: 31/35 MP: 4/4
  2243 | D:3      | Reached XP level 5. HP: 41/41 MP: 5/5
  2278 | D:3      | Found Simpynil's Distillery.
  2285 | D:3      | Bought a potion of curing for 33 gold pieces
  2628 | D:4      | Noticed an ogre
  2749 | D:4      | Reached skill level 5 in Ranged Weapons
  2750 | D:4      | Reached skill level 4 in Dodging
  2993 | D:4      | Reached XP level 6. HP: 48/48 MP: 6/6
  3352 | D:5      | Entered Level 5 of the Dungeon
  3373 | D:4      | HP: 2/48 [gnoll/+0 whip[a gnoll bouda] (8)]
  3619 | D:5      | Noticed Dowan
  3620 | D:5      | Noticed Duvessa
  3651 | D:5      | Found a sacrificial altar of Ru.
  3661 | D:5      | Noticed a black bear
  3673 | D:5      | Killed a black bear
  3701 | D:5      | Reached XP level 7. HP: 34/54 MP: 7/7
  3747 | D:5      | Reached skill level 5 in Dodging
  3805 | D:5      | Found a glowing drain.
  3815 | Sewer    | Entered a sewer
  4788 | D:5      | Reached XP level 8. HP: 50/61 MP: 8/8
  4963 | D:5      | Found a glowing silver altar of Zin.
  4986 | D:5      | Found a broken altar of Ashenzari.
  5182 | D:5      | Reached skill level 6 in Dodging
  5192 | D:5      | Reached skill level 5 in Fighting
  5308 | D:5      | Found a basalt altar of Yredelemnul.
  5580 | D:5      | Killed Duvessa
  5595 | D:5      | Killed Dowan
  5957 | D:5      | Found a hide-covered altar of Uskayaw.
  5958 | D:5      | Found a shadowy altar of Dithmenos.
  6065 | D:5      | Reached skill level 7 in Dodging
  6231 | D:5      | Became a worshipper of Dithmenos the Shadowed
  6709 | D:6      | Reached XP level 9. HP: 21/69 MP: 9/9
  6967 | D:6      | Reached skill level 8 in Dodging
  7145 | D:6      | Found a runed translucent gate.
  7145 | D:6      | Found a runed translucent gate.
  7146 | D:6      | Found a runed translucent gate.
  7150 | D:6      | Found an opulent altar of Gozag.
  7152 | D:6      | Noticed HilariousDeathArtist's ghost (novice KoTm)
  7379 | D:6      | Found a staircase to the Ecumenical Temple.
  7549 | D:6      | Found Bukifomm's Book Shoppe.
  7722 | Temple   | Entered the Ecumenical Temple
  7750 | D:7      | Noticed Pikel
  7941 | D:7      | Reached * piety under Dithmenos
  7945 | D:7      | Found a snail-covered altar of Cheibriados.
  7971 | D:7      | Killed Pikel
  7972 | D:7      | Reached skill level 9 in Dodging
  8010 | D:7      | Noticed a hornet
  8019 | D:7      | Killed a hornet
  8036 | D:7      | Reached XP level 10. HP: 76/79 MP: 10/10
  8464 | D:7      | Found a runed translucent door.
  8467 | D:7      | Noticed Crazy Yiuf
  8471 | D:7      | Killed Crazy Yiuf
  8724 | D:8      | Found a flagged portal.
  8749 | Bailey   | Entered a bailey
  8859 | Bailey   | Reached skill level 10 in Dodging
  9055 | Bailey   | Reached ** piety under Dithmenos
  9071 | Bailey   | Reached skill level 10 in Ranged Weapons
  9220 | Bailey   | Noticed an orc knight
  9248 | Bailey   | Killed an orc knight
  9440 | Bailey   | Found an iron altar of Okawaru.
  9440 | Bailey   | Noticed a kobold demonologist
  9440 | Bailey   | Noticed an orc high priest
  9560 | Bailey   | Noticed a sixfirhy
  9565 | Bailey   | Noticed a rust devil
  9577 | Bailey   | Killed an orc high priest
  9598 | Bailey   | Killed a kobold demonologist
  9599 | Bailey   | Reached skill level 11 in Dodging
  9959 | D:8      | Reached XP level 11. HP: 82/87 MP: 11/11
 10349 | D:8      | Reached *** piety under Dithmenos
 10483 | D:9      | Noticed a centaur warrior
 10501 | D:9      | Killed a centaur warrior
 10865 | D:9      | Reached skill level 12 in Dodging
 11080 | D:9      | Noticed a sixfirhy
 11393 | D:9      | Found a stormy altar of Qazlal.
 11629 | D:10     | Entered Level 10 of the Dungeon
 11629 | D:10     | Noticed Joseph
 11654 | D:9      | Learned a level 2 spell: Blink
 11698 | D:10     | Noticed a sixfirhy
 11769 | D:10     | Killed a sixfirhy
 11867 | D:10     | Reached **** piety under Dithmenos
 11872 | D:10     | Reached skill level 1 in Translocations
 12232 | D:9      | Reached skill level 1 in Spellcasting
 12286 | D:10     | Reached skill level 1 in Invocations
 12418 | D:10     | Noticed a sun demon
 13638 | D:9      | Killed a sun demon
 13639 | D:9      | Reached XP level 12. HP: 97/97 MP: 12/16
 13743 | D:10     | Killed Joseph
 13744 | D:10     | Reached skill level 10 in Fighting
 13929 | D:10     | Noticed a two-headed ogre
 13972 | D:10     | Noticed a sun demon
 13980 | D:10     | Found an ancient bone altar of Kikubaaqudgha.
 14124 | D:10     | Found a staircase to the Orcish Mines.
 14147 | D:10     | Noticed Lodul
 14785 | D:9      | Killed a sun demon
 14856 | D:10     | Found an ornate altar of the Wu Jian Council.
 14932 | D:10     | Killed Lodul
 14984 | D:10     | Killed a two-headed ogre
 14985 | D:10     | Reached skill level 13 in Dodging
 15196 | D:6      | Killed HilariousDeathArtist's ghost
 15827 | D:11     | Found a staircase to the Lair.
 15847 | D:11     | Reached ***** piety under Dithmenos
 16146 | D:11     | Reached skill level 5 in Translocations
 16430 | D:11     | Noticed a two-headed ogre
 16445 | D:11     | Reached skill level 5 in Stealth
 16459 | D:11     | Killed a two-headed ogre
 17373 | D:11     | Gained mutation: You can hop long distances. [Barachi
                  | growth]
 17373 | D:11     | Reached XP level 13. HP: 104/104 MP: 17/17
 17643 | D:11     | Acquired a +1 longbow of flaming
 17662 | Lair:1   | Entered Level 1 of the Lair of Beasts
 17713 | Lair:1   | Identified the orb of Sin {guile, rCorr}
 18071 | Lair:1   | Reached skill level 14 in Dodging
 18284 | Lair:1   | Found a runed translucent door.
 18304 | Lair:1   | Noticed a tentacled starspawn
 18615 | Lair:2   | Found a staircase to the Snake Pit.
 18797 | Lair:2   | Found a staircase to the Swamp.
 19010 | Lair:2   | Identified the +1 scale mail "Agufuyc" {rN+ Stlth+}
 19557 | Lair:3   | Noticed Sonja
 19616 | Lair:3   | Killed Sonja
 19733 | Lair:3   | Reached skill level 5 in Invocations
 19815 | Lair:3   | Identified the amulet "Pomotsad" {Faith rF++}
 20400 | Lair:4   | Reached XP level 14. HP: 114/114 MP: 18/18
 20420 | Lair:4   | Reached skill level 15 in Dodging
 20912 | Lair:4   | Found a staircase to the Slime Pits.
 20993 | Lair:4   | Reached ****** piety under Dithmenos
 21043 | Lair:4   | Found a runed translucent door.
 21043 | Lair:4   | Noticed Icosk's ghost (journeyman MeRe)
 21407 | Lair:4   | Killed Icosk's ghost
 21454 | Lair:5   | Entered Level 5 of the Lair of Beasts
 21599 | Lair:5   | Noticed Josephine
 21604 | Lair:5   | Killed Josephine
 21605 | Lair:5   | Reached skill level 1 in Short Blades
 22381 | Lair:5   | Found a burning altar of Makhleb.
 22454 | Lair:5   | Reached skill level 15 in Ranged Weapons
 22471 | Lair:5   | Found a gateway to Hell.
 22812 | Lair:1   | Killed a tentacled starspawn
 22816 | Lair:1   | Identified the staff of death "Vypit" {rN+ Dex+8}
 22915 | Orc:1    | Entered Level 1 of the Orcish Mines
 22931 | Orc:1    | Reached XP level 15. HP: 122/122 MP: 19/19
 22957 | Orc:1    | Noticed Erolcha
 22963 | Orc:1    | Killed Erolcha
 22989 | Orc:1    | Found a dark tunnel.
 22995 | Volcano  | Entered a volcano
 23080 | Volcano  | Reached skill level 16 in Dodging
 23417 | Orc:1    | Found Xemiogi's Antique Armour Shop.
 23478 | Orc:2    | Entered Level 2 of the Orcish Mines
 23478 | Orc:2    | Found a staircase to the Elven Halls.
 23928 | Orc:1    | Reached skill level 5 in Short Blades
 24287 | Orc:2    | Found Optaew's Distillery.
 24315 | Orc:2    | Found Jipuhe's General Store.
 24588 | Orc:2    | Found Kaoseung's Antique Armour Boutique.
 24588 | Orc:2    | Found Benulin's Jewellery Shop.
 24607 | Orc:2    | Found a one-way gate leading to the halls of Pandemonium.
 24779 | Orc:2    | Bought a scroll of butterflies for 60 gold pieces
 24779 | Orc:2    | Bought a tin of tremorstones (2/2) for 600 gold pieces
 24779 | Orc:2    | Bought a scroll of identify for 30 gold pieces
 24779 | Orc:2    | Bought a scroll of vulnerability for 60 gold pieces
 24779 | Orc:2    | Bought a scroll of enchant armour for 112 gold pieces
 24779 | Orc:2    | Bought a scroll of identify for 30 gold pieces
 24779 | Orc:2    | Bought a lightning rod (4/4) for 450 gold pieces
 24781 | Orc:2    | Bought a potion of attraction for 42 gold pieces
 24781 | Orc:2    | Bought a potion of haste for 140 gold pieces
 24781 | Orc:2    | Bought a potion of invisibility for 112 gold pieces
 24781 | Orc:2    | Bought a potion of might for 56 gold pieces
 24781 | Orc:2    | Bought a potion of invisibility for 112 gold pieces
 24781 | Orc:2    | Bought a potion of curing for 42 gold pieces
 24781 | Orc:2    | Bought a potion of curing for 42 gold pieces
 24781 | Orc:2    | Bought a potion of attraction for 42 gold pieces
 24822 | Orc:2    | Bought a glimmering ring mail for 207 gold pieces
 24822 | Orc:2    | Identified the +0 ring mail of Cowardice {MP+9 Stlth+} (You
                  | bought it in a shop on level 2 of the Orcish Mines)
 25814 | D:13     | Reached skill level 1 in Armour
 25850 | D:13     | Identified the +4 dagger of Cheibriados, Changing {heavy,
                  | *Slow Str+6 Dex+3}
 26027 | D:14     | Found a gate to the Vaults.
 26027 | D:14     | Found Yfedesh's Book Shop.
 26170 | D:14     | Reached XP level 16. HP: 128/131 MP: 21/21
 26622 | D:14     | Noticed Agnes
 26637 | D:14     | Killed Agnes
 26721 | D:15     | Entered Level 15 of the Dungeon
 26765 | D:15     | Identified the staff of earth "Qaulimei" {rF+}
 26841 | D:15     | Identified the +4 dagger of the Sky {vamp, rElec Dex+7}
 26913 | D:15     | Reached skill level 17 in Dodging
 27159 | D:15     | Found a staircase to the Depths.
 27479 | D:14     | Bought a There-And-Back Book for 420 gold pieces
 27483 | D:14     | Learned a level 3 spell: Portal Projectile
 27490 | D:14     | Learned a level 6 spell: Dispersal
 27604 | Snake:1  | Entered Level 1 of the Snake Pit
 27695 | Snake:1  | Reached skill level 5 in Armour
 27829 | Snake:1  | Noticed Aizul
 27866 | Snake:1  | Killed Aizul
 29017 | Snake:2  | Reached XP level 17. HP: 138/139 MP: 22/22
 29892 | Snake:3  | Reached skill level 1 in Evocations
 30029 | Snake:3  | Reached skill level 18 in Dodging
 30251 | Snake:3  | Reached skill level 10 in Stealth
 30386 | Snake:4  | Entered Level 4 of the Snake Pit
 30862 | Snake:4  | Noticed Vashnia
 30865 | Snake:4  | Reached XP level 18. HP: 147/147 MP: 24/24
 31636 | Elf:1    | Entered Level 1 of the Elven Halls
 31820 | Elf:1    | Reached skill level 5 in Evocations
 31923 | Elf:1    | Identified the +2 trident "Xiaklic" {flame, rN+}
 32396 | Elf:1    | Learned a level 4 spell: Passage of Golubria
 32770 | Swamp:1  | Entered Level 1 of the Swamp
 33444 | Swamp:2  | Noticed Louise
 33449 | Swamp:2  | Reached skill level 10 in Translocations
 33466 | Swamp:2  | Killed Louise
 33691 | Swamp:2  | Reached skill level 19 in Dodging
 33743 | Swamp:2  | Noticed Mlioglotl
 33753 | Swamp:2  | Killed Mlioglotl
 34013 | Swamp:2  | Reached XP level 19. HP: 144/153 MP: 25/25
 34318 | Swamp:3  | Noticed a tentacled monstrosity
 34325 | Swamp:3  | Killed a tentacled monstrosity
 34351 | Swamp:3  | Acquired 860 gold pieces
 34736 | Swamp:4  | Entered Level 4 of the Swamp
 34828 | Swamp:4  | Noticed a tentacled monstrosity
 34839 | Swamp:4  | Killed a tentacled monstrosity
 35167 | Swamp:4  | Got a decaying rune of Zot
 35561 | Orc:2    | Bought a ring of positive energy for 360 gold pieces
 35561 | Orc:2    | Bought a ring of willpower for 450 gold pieces
 35561 | Orc:2    | Bought a ring of see invisible for 270 gold pieces
 36059 | Snake:3  | Killed Vashnia
 36360 | Snake:4  | Noticed Asterion
 36773 | Snake:3  | Killed Asterion
 37599 | Snake:4  | Reached XP level 20. HP: 160/160 MP: 27/27
 37612 | Snake:4  | Got a serpentine rune of Zot
 37920 | Slime:1  | Entered Level 1 of the Pits of Slime
 38232 | Slime:2  | Reached skill level 10 in Invocations
 39039 | Slime:2  | Reached skill level 10 in Armour
 39284 | Slime:3  | Reached skill level 20 in Dodging
 39518 | Slime:5  | Entered Level 5 of the Pits of Slime
 39541 | Slime:5  | Gained mutation: You are dopey. (Int -2) [a shining eye]
 39546 | Slime:5  | Gained mutation: You are weak. (Str -2) [a shining eye]
 39856 | Slime:5  | Noticed the Royal Jelly
 40065 | Slime:5  | Found a viscous altar of Jiyva.
 40774 | Slime:5  | Reached skill level 5 in Spellcasting
 40793 | Slime:5  | Found the +11 plutonium sword {Contam Stlth-}
 41070 | Slime:5  | Killed the Royal Jelly
 41071 | Slime:5  | Reached XP level 21. HP: 74/166 MP: 2/29
 41347 | Slime:5  | Identified the +0 ring mail "Hiver" {rPois rC+++ Dex-4
                  | Slay-5}
 41362 | Slime:5  | Got a slimy rune of Zot
 41387 | Slime:5  | Identified the +1 robe "Zaor" {+Blink}
 41441 | Slime:5  | Got the Elucidation of Cloudy Arcane Weapons
 41448 | Slime:5  | Identified the +3 scale mail "Myappu" {-Cast Rampage rElec
                  | Str+6}
 41485 | Slime:5  | Identified the staff of conjuration "Plog" {rC+}
 41487 | Slime:5  | Got Kyck's Tome of the Blazing Shift
 41491 | Slime:5  | Identified the +6 broad axe of the Conjuring Enemy {drain,
                  | Str+3}
 41996 | Slime:5  | Lost mutation: You are weak. (Str -2) [potion of mutation]
 41996 | Slime:5  | Lost mutation: You are dopey. (Int -2) [potion of mutation]
 41996 | Slime:5  | Gained mutation: Your body sometimes deteriorates upon
                  | taking damage. [potion of mutation]
 41996 | Slime:5  | Gained mutation: You expend magic power (3 MP) to
                  | strengthen your wands. [potion of mutation]
 41997 | Slime:5  | Lost mutation: You expend magic power (3 MP) to strengthen
                  | your wands. [potion of mutation]
 41997 | Slime:5  | Lost mutation: Your body sometimes deteriorates upon taking
                  | damage. [potion of mutation]
 41997 | Slime:5  | Gained mutation: You are agile. (Dex +4, Str/Int -1)
                  | [potion of mutation]
 41997 | Slime:5  | Gained mutation: Your body sometimes deteriorates upon
                  | taking damage. [potion of mutation]
 41997 | Slime:5  | Gained mutation: You occasionally lose the ability to read
                  | scrolls when taking damage. [potion of mutation]
 41997 | Slime:5  | Gained mutation: You are strong-willed. (Will+) [potion of
                  | mutation]
 42206 | Depths:1 | Entered Level 1 of the Depths
 42236 | Depths:1 | You fall into a shaft and drop 1 floor!
 43055 | Depths:2 | Found a runed translucent door.
 43285 | Depths:2 | Found a runed translucent door.
 43608 | Depths:2 | Learned a level 3 spell: Inner Flame
 43738 | Depths:3 | Reached skill level 1 in Hexes
 43750 | Depths:3 | Reached skill level 10 in Evocations
 43750 | Depths:3 | HP: 6/166 [something (19)]
 43750 | Depths:3 | Slain by a vampire knight

Illustrated notes

Levels and vault maps discovered:
D:1:      scummos_arrival_simple_fountains, layout_loops_ring,
          kennysheep_doodads, serial_bayou_pond_c, minivault_25
D:2:      layout_basic
D:3:      layout_basic, serial_shops, shop
D:4:      layout_loops_ring
D:5:      layout_cave_pods, nicolae_overflow_hidden_temple,
          gammafunk_temple_overflow_statue, mainiacjoe_overflow_large_starburst,
          marbit_many_paths, cheibrodos_sewer_entry_bend, serial_undead,
          serial_undead_d, serial_undead_b, serial_undead_a, serial_undead_b,
          serial_undead_f, serial_undead_b, minmay_liquid_box, uniq_duvessa
D:6:      kennysheep_spiral_hall, layout_cave_pools,
          minmay_temple_entry_antechambers, ebering_ghost_gozag, serial_shops,
          kennysheep_mini, glass_columns_b, grunt_ministairs_2,
          lemuel_flamethrower_2
D:7:      layout_cave_pools, mainiacjoe_overflow_concentric_impassable,
          chequers_jeans, uniq_crazy_yiuf_cottage, uniq_pikel
D:8:      layout_rooms, enter_bailey_7, dk_noncrumbling_2
D:9:      layout_cave_pools, nicolae_qazlal_general_emergency, dk_noncrumbling_4
D:10:     layout_rooms, nicolae_wu_jian_immortal_techniques,
          mainiacjoe_overflow_cross_hatched, hiddenorc1_lemuel, serial_demonic,
          serial_demonic_f, serial_demonic_b, serial_demonic_a,
          serial_demonic_d, serial_demonic_g, serial_demonic_c,
          kennysheep_nondescript, uniq_lodul, uniq_joseph
D:11:     hangedman_cross_stitches, layout_basic, minmay_lair_entry_grove
D:12:     layout_long_grid
D:13:     layout_cave_pools, bh_walls_and_bars
D:14:     layout_gridville, david_vaults_3, dreamdust_princess_bridge,
          serial_shops, shop, uniq_agnes
D:15:     grunt_enter_depths_magical_seal, layout_irregular_city,
          grunt_decor_junction
Temple:   nicolae_temple_no_exploring_needed
Lair:1:   layout_chaotic_city, pdpol_lair_cabin_in_the_woods,
          serial_bayou_shore_a
Lair:2:   layout_small_grid, skrybe_swamp_entry_bodies,
          minmay_snake_entry_six_corridors, nicolae_quartered_pool_medium
Lair:3:   layout_regular_city, uniq_sonja
Lair:4:   layout_small_grid, minmay_slime_entry_oklob_open,
          gammafunk_ghost_grave, chequers_serial_rivers_small_b,
          infiniplex_staircase_pool
Lair:5:   evil_forest, layout_gridlike, serial_rivers,
          chequers_serial_rivers_small_a, chequers_serial_rivers_small_b,
          chequers_serial_rivers_micro_d, chequers_serial_rivers_micro_e,
          chequers_serial_rivers_micro_a, chequers_serial_rivers_micro_c,
          kennysheep_rathole, lemuel_fruit_fields, uniq_josephine
Swamp:1:  layout_falls_marsh, evilmike_swamp_ruin_house_3, swamp_pool2,
          nicolae_swamp_frolicking_bunyips
Swamp:2:  layout_basic_swamp, evilmike_swamp_ruin_house_5, uniq_louise,
          uniq_mlioglotl
Swamp:3:  nicolae_swamp_ascending_descending, layout_basic_swamp,
          serial_swamp_ruin, evilmike_swamp_ruin_house_2,
          evilmike_swamp_ruin_house_1, evilmike_swamp_ruin_house_4
Swamp:4:  swamp_alternative, layout_basic_swamp
Snake:1:  layout_onion_interference, uniq_aizul
Snake:2:  layout_gridlike
Snake:3:  layout_rooms, st_stairs_10, minmay_snake_pond
Snake:4:  snake_pit_salamanders_mu, layout_misc_corridors, serial_bayou_shore_b,
          uniq_vashnia, uniq_asterion
Slime:1:  layout_caves
Slime:2:  layout_caves
Slime:3:  layout_caves
Slime:4:  layout_caves
Slime:5
Orc:1:    layout_caves, serial_shops, shop, nicolae_volcano_entry_s_turn,
          basic_altar, mines2_lemuel, uniq_erolcha
Orc:2:    pf_orc_diabolical, layout_caves
Elf:1:    minmay_elf_arrival_summoners, layout_loops_cross,
          minmay_elf_demonology, grunt_ministairs_12,
          nicolae_concentric_dashed_squares_wild, lemuel_upstairs_altar
Depths:1: layout_gridlike, enter_ziggurat_d, serial_corexii_hall,
          corexii_hall_statues_x, chequers_hall_statues_wall_a,
          chequers_hall_statues_y, corexii_hall_statues_u,
          corexii_hall_statues_i, chequers_hall_statues_wall_a,
          pf_hell_entry_tar_spiral, nrook_mini_backslash, vehumet_crystals
Depths:2: thingy_vault_2, layout_gridville, fountainhead, pan_entry, hell_entry,
          roderic_lattice_a
Depths:3: gammafunk_jiyva_shrine, layout_cave_pools, serial_sigils,
          serial_sigils_hangedman_leer, serial_sigils_hangedman_stare,
          serial_sigils_hangedman_scratch, serial_sigils_hangedman_etch,
          serial_sigils_hangedman_carve, pf_vacation_house_of_asmodeus,
          marbit_kobold_abyss_entry, serial_shops, shop, kennysheep_potato

Skill      XL: |  1  2  3  4  5  6  7  8  9 10 11 12 13 14 15 16 17 18 19 20 21 |
---------------+----------------------------------------------------------------+-----
Stealth        | 1 2 3 4 5 6 7 8 9 10 11 12 | 12.0
Dodging        | 3 4 5 7 9 11 12 13 14 15 16 17 18 19 20 | 20.6
Fighting       | 3 4 5 7 8 9 10 11 12 13 14 | 14.3
Ranged Weapons | 5 6 7 9 10 12 13 14 15 16 17 18 19 | 19.3
Translocations | 2 5 6 8 10 11 12 13 | 13.3
Spellcasting   | 2 3 5 6 |  6.0
Invocations    | 1 3 5 6 7 8 9 10 | 10.5
Short Blades   | 4 7 8 |  8.0
Armour         | 2 6 7 8 9 10 | 10.9
Evocations     | 4 6 7 9 10 | 10.0
Hexes          | 1 |  1.2

Action                     |  1- 3 |  4- 6 |  7- 9 | 10-12 | 13-15 | 16-18 | 19-21 || total
---------------------------+-------+-------+-------+-------+-------+-------+-------++-------
  Melee: Rapier            |       |    37 |    49 |    51 |    28 |       |       ||   165
         Punch             |       |       |       |     1 |     1 |       |       ||     2
         Longbow           |       |       |       |       |       |       |     1 ||     1
   Fire: Shortbow          |   103 |   132 |   441 |       |       |       |       ||   676
         Orcbow            |       |       |    26 |  1164 |    18 |       |       ||  1208
         Longbow           |       |       |       |       |  1239 |  1386 |  1515 ||  4140
  Throw: Dart              |       |       |       |     2 |       |       |       ||     2
   Cast: Blink             |       |       |       |     6 |     5 |     8 |    14 ||    33
         Portal Projectile |       |       |       |       |       |     6 |     9 ||    15
         Passage of Golubr |       |       |       |       |       |       |     8 ||     8
 Invoke: Shadow Step       |       |       |       |       |     1 |       |     2 ||     3
Ability: Hop               |     2 |     3 |    10 |    22 |    17 |    15 |    14 ||    83
  Evoke: Wand              |       |     4 |     9 |    11 |       |     2 |     6 ||    32
         Tin of tremorston |       |       |       |       |       |     2 |     3 ||     5
         Box of beasts     |       |       |       |       |       |     1 |     3 ||     4
         Phial of floods   |       |       |       |       |       |     1 |     1 ||     2
         Lightning rod     |       |       |       |       |       |       |     5 ||     5
         Phantom mirror    |       |       |       |       |       |       |     1 ||     1
    Use: Scroll            |       |     4 |       |     6 |    20 |    13 |    11 ||    54
         Potion            |       |       |       |       |       |     1 |    11 ||    12
   Stab: Sleeping          |       |       |       |       |     2 |       |       ||     2
 Armour: Leather armour    |    14 |    16 |    39 |    58 |       |       |       ||   127
         Acid dragon scale |       |       |       |    61 |     1 |       |       ||    62
         Troll leather arm |       |       |       |       |    95 |   137 |   132 ||   364
         Scale mail        |       |       |       |       |       |       |    40 ||    40
  Dodge: Dodged            |    34 |    63 |   202 |   713 |   623 |   745 |   806 ||  3186

Table legend: (Time is in decaauts)
 A = Elapsed time spent in this place.
 B = Non-inter-level travel time spent in this place.
 C = Inter-level travel time spent in this place.
 D = Time resting spent in this place.
 E = Time spent auto-exploring this place.
 F = Levels seen in this place.
 G = Mean time per level.
                   A        B        C        D        E       F      G
               +--------+--------+--------+--------+--------+-----+--------+
         Total |  48724 |  44240 |   4484 |   4385 |  29220 |  43 | 1133.1 |
       Dungeon |  21041 |  19250 |   1791 |   2513 |  12867 |  15 | 1402.7 |
        Temple |      1 |      1 |      0 |      0 |      0 |   1 |    1.0 |
          Lair |   6643 |   5816 |    827 |     83 |   4488 |   5 | 1328.6 |
         Swamp |   2883 |   2723 |    160 |     12 |   2003 |   4 |  720.8 |
     Snake Pit |   6466 |   5700 |    766 |   1224 |   2931 |   4 | 1616.5 |
    Slime Pits |   4285 |   4041 |    244 |    382 |   2266 |   5 |  857.0 |
  Orcish Mines |   2173 |   1606 |    567 |      0 |   1105 |   2 | 1086.5 |
   Elven Halls |   1159 |   1131 |     28 |     14 |    886 |   1 | 1159.0 |
        Depths |   1722 |   1625 |     97 |     73 |   1286 |   3 |  574.0 |
         Sewer |    835 |    835 |      0 |      0 |    484 |   1 |  835.0 |
        Bailey |   1135 |   1135 |      0 |     82 |    665 |   1 | 1135.0 |
       Volcano |    376 |    376 |      0 |      0 |    236 |   1 |  376.0 |
               +--------+--------+--------+--------+--------+-----+--------+

Top non-repeatable levels by time:
     D:9: 2828 daAuts
     D:5: 2485 daAuts
 Snake:4: 2216 daAuts
    D:10: 2153 daAuts
    D:11: 2148 daAuts
     D:6: 1851 daAuts
Depths:2: 1642 daAuts
 Snake:3: 1602 daAuts
 Slime:5: 1594 daAuts
 Snake:2: 1482 daAuts
  Lair:4: 1478 daAuts
  Lair:2: 1477 daAuts
     D:8: 1462 daAuts
  Lair:5: 1401 daAuts
   Orc:2: 1344 daAuts
